 Dungeon Crawl Stone Soup version 0.19-a0-1831-gd4c818f (webtiles) character file.

4769 Psiweapon the Poker (level 10, -3/94 HPs)
             Began as an Ogre Hunter on Oct 8, 2016.
             Was a Priest of Ru.
             Slain by Flanowski's ghost (15 damage)
             ... on level 9 of the Dungeon.
             The game lasted 00:36:21 (8016 turns).

Psiweapon the Poker (Ogre Hunter)                   Turns: 8016, Time: 00:36:22

Health: -3/94      AC:  8    Str: 28    XL:     10   Next: 47%
Magic:  14/14      EV:  6    Int:  5    God:    Ru [***...]
Gold:   319        SH:  8    Dex: 11    Spells: 0 memorised, 9 levels left

rFire  + . .     SeeInvis +     s - +2 trident (flame)
rCold  + . .     Gourm    .     H - +2 robe of the Salamander {+Inv rC+ Str+2}
rNeg   . . .     Faith    .     R - +1 shield {rF+}
rPois  +         Spirit   .     (helmet restricted)
rElec  .         Dismiss  .     L - +0 cloak
rCorr  .         Reflect  .     (gloves unavailable)
MR     +....     Harm     .     (boots unavailable)
Stlth  +++.......               N - amulet of regeneration
                                c - ring of see invisible
                                o - -5 ring of intelligence (curse)

@: mighty, exhausted, drained
A: unfitting armour, thin metallic scales 1, poison resistance, tough skin 1,
inability to train armour, unskilled 1, sturdy frame 1
a: Draw Out Power, Renounce Religion, Evoke Invisibility


You were on level 9 of the Dungeon.
You worshipped Ru.
Ru was most pleased with you.
You were not hungry.

You visited 1 branch of the dungeon, and saw 9 of its levels.

You collected 413 gold pieces.
You spent 94 gold pieces at shops.

Inventory:

Hand Weapons
 m - a +2 dagger of electrocution
 n - a +1 dagger of holy wrath
 s - a +2 trident of flaming (weapon)
 K - a cursed +0 giant spiked club
 M - the +7 rapier of Blind Justice {flame, Str+7 Int+2}
   (You found it on level 5 of the Dungeon)

   It has been specially enchanted to burn those struck by it, causing extra
   injury to most foes and up to half again as much damage against particularly
   susceptible opponents.
   It affects your strength (+7).
   It affects your intelligence (+2).
 P - a +0 flail of protection
 U - a +2 dagger of chaos
Missiles
 g - 43 poisoned needles
 I - 36 bolts
 W - a tomahawk (quivered)
Armour
 b - a +0 robe
 H - the +2 robe of the Salamander (worn) {+Inv rC+ Str+2}
   (You found it on level 4 of the Dungeon)

   It affects your strength (+2).
   It protects you from cold.
   It lets you turn invisible.
 L - a +0 cloak (worn)
 R - a +1 shield of fire resistance (worn)
 T - a +0 robe of cold resistance
Jewellery
 c - a ring of see invisible (right hand)
 o - a cursed -5 ring of intelligence (left hand)
 A - an uncursed ring of magical power
 N - an amulet of regeneration (around neck)
 O - an uncursed ring of wizardry
Wands
 V - a wand of flame (20/48)
Scrolls
 k - 2 scrolls of fog {unknown}
 l - a scroll of immolation {unknown}
 p - 3 scrolls of remove curse {unknown}
 q - a scroll of noise
 u - a scroll of enchant weapon {unknown}
 w - 2 scrolls of identify
 y - 5 scrolls of amnesia
 E - a scroll of fear {unknown}
 J - 3 scrolls of teleportation {unknown}
 S - a scroll of acquirement {unknown}
 Y - a scroll of vulnerability {unknown}
Potions
 e - 2 potions of cure mutation {unknown}
 j - 7 potions of curing
 r - 3 potions of mutation {unknown}
 x - 2 potions of brilliance {unknown}
 B - 3 potions of might
 C - a potion of lignification {unknown}
 F - a potion of agility {unknown}
 G - a potion of haste {unknown}
 Q - 2 potions of degeneration {unknown}
 X - a potion of invisibility {unknown}
Books
 t - a book of Misfortune

   Spells                             Type                      Level
   a - Confusing Touch                Hexes                        1
   b - Confuse                        Hexes                        3
   c - Gell's Gravitas                Hexes/Translocation          3
   d - Petrify                        Transmutation/Earth          4
   e - Metabolic Englaciation         Hexes/Ice                    5
   f - Yara's Violent Unravelling     Hexes/Transmutation          5
 v - a book of Changes

   Spells                             Type                      Level
   a - Beastly Appendage              Transmutation                1
   b - Sticks to Snakes               Transmutation                2
   c - Spider Form                    Transmutation/Poison         3
   d - Ice Form                       Ice/Transmutation            4
   e - Blade Hands                    Transmutation                5
Comestibles
 a - a beef jerky
 f - 7 bread rations
 i - 2 slices of pizza
 z - 5 meat rations


   Skills:
 + Level 4.8(4.1) Fighting
 - Level 7.2(6.5) Polearms
 + Level 5.2(4.5) Throwing
 - Level 1.5(0.9) Dodging
 - Level 6.3(5.6) Stealth
 - Level 6.1(5.4) Evocations


You had 9 spell levels left.
You didn't know any spells.

Dungeon Overview and Level Annotations

Branches:
Dungeon (9/15)             Temple (0/1) D:7
   Lair: D:8-11         Orc: D:9-12

Altars:
Ashenzari
Cheibriados
Dithmenos
Gozag
Hepliaklqana
Kikubaaqudgha
Makhleb
Nemelex Xobeh
Okawaru
Qazlal
Ru
Sif Muna
Uskayaw
Vehumet
Zin

Shops:
D:5 [

Annotations:
D:9 Flanowski's ghost, novice DDFi


Innate Abilities, Weirdness & Mutations

You are too large for most types of armour.
You have tough skin. (AC +1)
You cannot train Armour skill.
You are somewhat unskilled. (-1 Apt)
You are partially covered in thin metallic scales. (AC +2)
Your system is resistant to poisons. (rPois)
Your movements are slightly less encumbered by armour. (ER -2)


Message History

You fail to use your ability.
Flanowski's ghost hits you.
* * * LOW HITPOINT WARNING * * *
You closely miss Flanowski's ghost.
Flanowski's ghost is moderately damaged.
Flanowski's ghost hits you!
* * * LOW HITPOINT WARNING * * *
You hit Flanowski's ghost but do no damage.
Flanowski's ghost is moderately damaged.
Flanowski's ghost shrieks, "To die, to sleep, no more."
Flanowski's ghost hits you.
* * * LOW HITPOINT WARNING * * *
You focus your will and illuminate Flanowski's ghost in retribution!
Throwing (i - inventory):
W - 2 tomahawks (quivered)
Press: ? - help, Shift-Dir - straight line, f/p - Flanowski's ghost
Aim: Flanowski's ghost (moderately damaged, softly glowing)
You throw a tomahawk. The tomahawk hits Flanowski's ghost!
Flanowski's ghost is heavily damaged.
Flanowski's ghost wails, "They lied to you.
The Dungeon just goes down and down forever."
Flanowski's ghost hits you!
You die...

# #. #.######
#..(... #..<..
#..#.########
#...cZW@....#
(...(.########.#
..... ####


You could see a centaur, Flanowski's ghost and a centaur warrior zombie.

Vanquished Creatures
  An unseen horror (D:8)
  Psyche (D:7)
  A slime creature (D:8)
  A hippogriff (D:7)
  Sigmund (D:3)
  A wyvern (D:8)
  A steam dragon (D:8)
  A hungry ghost (D:7)
  Edmund (D:6)
  The ghost of busta the Stinger, an amateur DEVM (D:3)
  Duvessa (D:6)
  An orc warrior (D:8)
  2 sky beasts (D:7)
  2 centaurs
  4 ogres
  2 big kobolds (D:7)
  5 bullfrogs
  Dowan (D:6)
  A wyvern skeleton (D:8)
  A scorpion (D:8)
  6 crimson imps
  2 hounds
  A bullfrog skeleton (D:7)
  A bullfrog zombie (D:5)
  5 jellies
  2 orc priests
  A centaur skeleton (D:8)
  3 iguanas
  Jessica (D:2)
  Terence (D:3)
  4 orc wizards
  7 worker ants
  A hound zombie (D:8)
  A hound skeleton (D:8)
  A howler monkey zombie (D:7)
  A worker ant zombie (D:7)
  Robin (D:4)
  10 adders
  A gnoll (D:1)
  3 shadow imps
  2 oozes
  2 adder zombies
  An adder skeleton (D:5)
  4 worms
  4 leopard geckos
  16 orcs
  6 bats
  7 giant cockroaches
  15 hobgoblins
  19 jackals
  13 kobolds
  2 quokkas
  5 frilled lizards
  18 goblins
  9 rats
206 creatures vanquished.

Notes
Turn   | Place    | Note
-------+----------+-------------------------------------------
     0 | D:1      | Psiweapon the Ogre Hunter began the quest for the Orb.
     0 | D:1      | Reached XP level 1. HP: 22/22 MP: 1/1
     8 | D:1      | You fall through a shaft!
    59 | D:1      | Reached XP level 2. HP: 8/29 MP: 2/2
   355 | D:3      | Noticed Sigmund
   660 | D:2      | Reached skill level 1 in Polearms
   662 | D:2      | Reached XP level 3. HP: 26/36 MP: 3/3
   862 | D:2      | Noticed Jessica
   864 | D:2      | Killed Jessica
   864 | D:2      | Reached skill level 2 in Polearms
   882 | D:2      | Reached XP level 4. HP: 43/44 MP: 4/4
   914 | D:2      | Found a glowing silver altar of Zin.
  1027 | D:1      | Reached skill level 3 in Polearms
  1182 | D:1      | HP: 2/44 [kobold/club (2)]
  1880 | D:2      | Reached skill level 4 in Polearms
  1880 | D:2      | Reached XP level 5. HP: 16/50 MP: 5/5
  2174 | D:3      | Noticed Terence
  2176 | D:3      | Killed Terence
  2216 | D:3      | Killed Sigmund
  2216 | D:3      | Reached skill level 5 in Polearms
  2216 | D:3      | Reached XP level 6. HP: 59/59 MP: 6/6
  2227 | D:3      | Noticed busta's ghost (amateur DEVM)
  2235 | D:3      | Killed busta's ghost
  2235 | D:3      | Reached skill level 6 in Polearms
  2571 | D:2      | Found an ancient bone altar of Kikubaaqudgha.
  2715 | D:3      | Reached XP level 7. HP: 47/66 MP: 7/7
  2830 | D:3      | Found a sacrificial altar of Ru.
  2836 | D:3      | Became a worshipper of Ru the Awakened
  2882 | D:3      | Found a stormy altar of Qazlal.
  3357 | D:4      | Reached skill level 7 in Polearms
  3477 | D:5      | Entered Level 5 of the Dungeon
  3536 | D:4      | Found an iron altar of Okawaru.
  3696 | D:4      | Found a hazy altar of Hepliaklqana.
  4029 | D:4      | Noticed Robin
  4048 | D:4      | Killed Robin
  4048 | D:4      | Reached skill level 8 in Polearms
  4121 | D:4      | Got a smoking robe
  4134 | D:4      | Identified the +2 robe of the Salamander {+Inv rC+ Str+2} (You found it on level 4 of the Dungeon)
  4317 | D:4      | Reached skill level 1 in Stealth
  4584 | D:5      | Found a hide-covered altar of Uskayaw.
  4602 | D:5      | Reached skill level 1 in Evocations
  4646 | D:6      | Reached XP level 8. HP: 69/74 MP: 9/9
  4679 | D:5      | Found a shadowy altar of Dithmenos.
  4679 | D:5      | Found a radiant altar of Vehumet.
  4730 | D:5      | Gained mutation: You are somewhat unskilled. (-1 Apt) [Ru sacrifice]
  4730 | D:5      | Reduced skill Polearms to level 7
  4730 | D:5      | Reached * piety under Ru
  4730 | D:5      | Reached ** piety under Ru
  4767 | D:5      | Got a scorched rapier
  4768 | D:5      | Identified the +7 rapier of Blind Justice {flame, Str+7 Int+2} (You found it on level 5 of the Dungeon)
  4809 | D:6      | Found a shadowy altar of Dithmenos.
  5138 | D:5      | Found a burning altar of Makhleb.
  5195 | D:5      | Found Nineph's Antique Armour Emporium.
  5200 | D:5      | Bought a runed shield for 94 gold pieces
  5251 | D:6      | Noticed Duvessa
  5251 | D:6      | Noticed Dowan
  5256 | D:6      | Killed Duvessa
  5260 | D:6      | Killed Dowan
  5285 | D:6      | Found a shattered altar of Ashenzari.
  5418 | D:7      | Reached XP level 9. HP: 59/80 MP: 11/11
  5528 | D:7      | Gained mutation: Your system is resistant to poisons. (rPois) [mutagenic meat]
  5531 | D:7      | Gained mutation: You possess an exceptional clarity of mind. [mutagenic meat]
  5534 | D:7      | Gained mutation: You have a pair of small horns on your head. [mutagenic meat]
  5537 | D:7      | Gained mutation: You are partially covered in thin metallic scales. (AC +2) [mutagenic meat]
  5573 | D:7      | Found an opulent altar of Gozag.
  5910 | D:7      | Found a staircase to the Ecumenical Temple.
  5984 | D:7      | Lost mutation: You have a pair of small horns on your head. [mutagenic meat]
  5990 | D:7      | Lost mutation: You possess an exceptional clarity of mind. [mutagenic meat]
  5993 | D:7      | Gained mutation: Your movements are slightly less encumbered by armour. (ER -2) [mutagenic meat]
  6135 | D:8      | Found a snail-covered altar of Cheibriados.
  6181 | D:8      | Reached skill level 5 in Stealth
  6266 | D:8      | Noticed an unseen horror
  6270 | D:8      | Noticed Psyche
  6282 | D:7      | Killed Psyche
  6282 | D:7      | Reached skill level 5 in Evocations
  6338 | D:8      | Killed an unseen horror
  6338 | D:8      | Reached XP level 10. HP: 81/88 MP: 12/14
  6567 | D:6      | Gained mutation: You cannot train Armour skill. [Ru sacrifice]
  6567 | D:6      | Reached *** piety under Ru
  6729 | D:6      | Noticed Edmund
  6741 | D:6      | Killed Edmund
  6851 | D:6      | Found a sparkling altar of Nemelex Xobeh.
  7586 | D:8      | HP: 3/92 [slime creature (17)]
  7602 | D:8      | Reached skill level 5 in Throwing
  7962 | D:8      | Found a deep blue altar of Sif Muna.
  7988 | D:9      | Noticed Flanowski's ghost (novice DDFi)
  8016 | D:9      | Slain by Flanowski's ghost

Vault maps used:
D:1:      lightli_molten_gateway
D:2:      lemuel_doored_altar, zin_treasury, first_bread, uniq_jessica
D:3:      lemuel_round_altar, marbit_many_paths, uniq_terence, uniq_sigmund
D:4:      kennysheep_goblin_castle, nicolae_overflow_hidden_temple,
          overflow_temple_1_default
D:5:      lemuel_round_altar, kennysheep_little_box,
          gammafunk_temple_overflow_pools, serial_shops, shop
D:6:      evilmike_ruin_ashenzari, lemuel_crystal_altar,
          grunt_dithmenos_smoke_and_mirrors, uniq_edmund, uniq_duvessa
D:7:      minmay_klotski, overflow_temple_1_default
D:8:      cheibriados_altar_1, led_sif_pool, uniq_psyche
D:9:      uniq_prince_ribbit1

Skill      XL: |  1  2  3  4  5  6  7  8  9 10 |
---------------+-------------------------------+-----
Polearms       | 1 2 4 5 6 8 7 |  7.2
Stealth        | 1 3 6 |  6.3
Evocations     | 1 3 5 6 |  6.1
Fighting       | 4 |  4.8
Throwing       | 5 |  5.2
Dodging        | |  1.5

Action                   |  1- 3 |  4- 6 |  7- 9 | 10-12 || total
-------------------------+-------+-------+-------+-------++-------
Melee: Short sword       |    32 |       |       |       ||    32
       Spear             |    26 |   156 |       |       ||   182
       Trident           |       |    15 |   396 |   123 ||   534
       Headbutt          |       |       |     2 |       ||     2
Throw: Large rock        |     6 |    18 |    27 |    10 ||    61
       Throwing net      |       |     3 |     1 |       ||     4
       Tomahawk          |       |       |       |    11 ||    11
Invok: Sacrifice Skill   |       |       |     1 |       ||     1
       Draw Out Power    |       |       |       |     4 ||     4
       Sacrifice Durabil |       |       |       |     1 ||     1
 Abil: Evoke Invisibilit |       |       |     1 |     1 ||     2
  Use: Scroll            |       |       |     4 |       ||     4
       Potion            |       |       |       |     3 ||     3
 Stab: Sleeping          |     1 |     1 |     7 |     5 ||    14
       Distracted        |       |       |     1 |     1 ||     2
       Invisible         |       |       |       |     1 ||     1
  Eat: Chunk             |       |     6 |    19 |     5 ||    30
       Fruit             |       |       |     1 |     1 ||     2
       Meat ration       |       |       |     1 |       ||     1
       Pizza             |       |       |     1 |       ||     1
Armor: Robe              |    41 |    54 |    99 |    34 ||   228
Dodge: Dodged            |    50 |    92 |   138 |    33 ||   313
Block: Shield            |       |       |    67 |    40 ||   107
